 Dungeon Crawl Stone Soup version 0.32-a0-909-gc671339a80 (webtiles) character file.

Game seed: 15270502882977991342

29613 Shayle the Carver (level 13, -14/104 HPs)
             Began as a Coglin Alchemist on Apr 7, 2024.
             Was an Elder of Makhleb.
             Demolished by a war gargoyle
             ... wielding a +1 heavy morningstar
              (18 damage)
             ... while petrified by a basilisk
             ... on level 11 of the Dungeon.
             The game lasted 00:41:26 (15767 turns).

Shayle the Carver (Coglin Alchemist)               Turns: 15767, Time: 00:41:26

Health: -14/104    AC:  5    Str: 12    XL:     13   Next: 46%
Magic:  12/19      EV:  2    Int: 18    God:    Makhleb [****..]
Gold:   876        SH:  0    Dex: 15    Spells: 12/20 levels left

rFire   . . .        y - +2 long sword (drain) {Sebastián}
rCold   . . .        u - +2 dagger (drain) {Olga}
rNeg    + + +        G - +0 leather armour
rPois   ∞            (no helmet)
rElec   .            B - +0 cloak of Ufuqeleg {Rampage Int+2 Slay+3}
rCorr   .            (no gloves)
SInv    .            d - +0 pair of boots
Will    .....        (amulet unavailable)
Stlth   ++           (ring unavailable)
HPRegen 0.37/turn    (ring unavailable)
MPRegen 0.16/turn    (no gizmo)

%: rampage
@: petrified, studying Dodging
A: off-hand wielding, slow wielding, warmup strikes, no jewellery
a: Invent Gizmo, Renounce Religion, Minor Destruction, Lesser Servant of
Makhleb, Major Destruction


You were on level 11 of the Dungeon.
You worshipped Makhleb.
Makhleb was greatly pleased with you.
You visited 3 branches of the dungeon, and saw 15 of its levels.

You collected 876 gold pieces.

Inventory:

Hand Weapons
 o - a +3 trident of draining
 u - a +2 dagger of draining (offhand) {Olga}
 y - a +2 long sword of draining (weapon) {Sebastián}
Missiles
 q - 3 curare-tipped darts (quivered)
Armour
 a - a +0 robe
 d - a +0 pair of boots (worn)
 w - +0 fire dragon scales
 B - the +0 cloak of Ufuqeleg (worn) {Rampage Int+2 Slay+3}
   (You found it on level 7 of the Dungeon)

   Int+2:     It affects your intelligence (+2).
   Slay+3:    It affects your accuracy & damage with ranged weapons and melee
   (+3).
   Rampage:   It bestows one free step when moving towards enemies.
 E - +0 acid dragon scales
 G - a +0 leather armour (worn)
 M - a +0 pair of gloves
Wands
 r - a wand of paralysis (35)
 s - a wand of flame (5)
 x - a wand of roots (9)
 C - a wand of digging (3)
 F - a wand of mindburst (9)
Scrolls
 e - 8 scrolls of teleportation
 g - 4 scrolls of noise
 h - a scroll of blinking
 i - 4 scrolls of vulnerability
 j - 3 scrolls of fear
 k - 2 scrolls of poison
 n - a scroll of fog
 H - a scroll of summoning
 J - a scroll of silence {unknown}
 L - 4 scrolls of immolation {unknown}
 N - a scroll of amnesia {unknown}
Potions
 b - 3 potions of magic
 c - 7 potions of brilliance
 f - 4 potions of curing
 l - a potion of lignification {unknown}
 m - a potion of heal wounds
 p - 4 potions of mutation
 t - 4 potions of enlightenment
 v - 3 potions of degeneration {unknown}
 z - 2 potions of might
 A - a potion of resistance {unknown}
 D - 2 potions of attraction {unknown}
 I - a potion of invisibility {unknown}
 K - a potion of haste {unknown}


   Skills:
 - Level 10.6 Fighting
 + Level 11.4 Long Blades
 + Level 9.1 Dodging
 - Level 1.5 Stealth
 + Level 4.0 Spellcasting
 - Level 3.4 Conjurations
 + Level 4.2 Translocations
 - Level 6.5 Fire Magic
 - Level 3.8 Alchemy
 - Level 8.0 Invocations


You had 12 spell levels left.
You knew the following spells:

 Your Spells              Type           Power      Damage    Failure   Level
a - Sting                 Conj/Alch      64%        1d7       4%          1
b - Mephitic Cloud        Conj/Alch/Air  12%        N/A       21%         3
c - Sticky Flame          Fire/Alch      22%        2d6       22%         4

Your spell library contained the following spells:

 Spells                   Type           Power      Damage    Failure   Level
 Mercury Vapours          Alch/Air       20%        N/A       13%         2
 Freeze                   Ice            12%        1d3       19%         1
 Necrotise                Necr           12%        1d4       19%         1
 Hailstorm                Conj/Ice       9%         3d6       28%         3
 Olgreb's Toxic Radiance  Alch           17%        N/A       36%         4
 Summon Blazeheart Golem  Fire/Summ      15%        N/A       43%         4
 Frozen Ramparts          Ice            6%         1d1       50%         3
 Swiftness                Air            3%         N/A       50%         3
 Vampiric Draining        Necr           3%         2d6       50%         3
 Martyr's Knell           Necr/Summ      3%         N/A       88%         4
 Curse of Agony           Necr           3%         N/A       99%         5
 Sculpt Simulacrum        Ice/Alch       5%         N/A       100%        6
 Orb of Destruction       Conj           8%         9d6       100%        7
 Spellforged Servitor     Conj/Summ      4%         N/A       100%        7
 Infestation              Necr           1%         N/A       100%        8
 Summon Horrible Things   Summ           1%         N/A       100%        8
 Fire Storm               Conj/Fire      10%        8d3       100%        9


Dungeon Overview and Level Annotations

Branches:
Dungeon (11/15)            Temple (1/1) D:5            Lair (3/5) D:8
  Swamp: Lair:2-3    Shoals: Lair:2-3     Snake: Lair:2-3    Spider: Lair:2-3
    Orc: D:9-12

Altars:
Ashenzari
Cheibriados
Dithmenos
Elyvilon
Fedhas
Gozag
Hepliaklqana
Kikubaaqudgha
Makhleb
Nemelex Xobeh
Okawaru
Qazlal
Ru
Sif Muna
Trog
Uskayaw
Vehumet
Wu Jian
Xom
Yredelemnul
Zin
The Shining One

Annotations:
D:3 2 transporters, ratmeat3's ghost, amateur OpFi


Innate Abilities, Weirdness & Mutations

You can wield a second weapon in your off-hand.
It takes a long time for you to wield or remove held weapons.
Your first few attacks do less damage.
You cannot equip rings or amulets.


Message History

The basilisk gazes at you.
Your limbs have turned to stone.
The basilisk is engulfed in noxious fumes. x2
The basilisk appears confused.
The basilisk bites the basilisk!
The basilisk is engulfed in noxious fumes.
The basilisk completely misses you.
The boulder beetle is engulfed in noxious fumes.
The boulder beetle barely misses the basilisk.
The boulder beetle bites itself!!
You have turned to stone.
The war gargoyle hits you with a +1 heavy morningstar!!!
The basilisk is engulfed in noxious fumes.
The basilisk appears confused.
The basilisk bites the basilisk!
The basilisk bites itself!
The basilisk is engulfed in noxious fumes.
The basilisk appears confused.
The war gargoyle launches metal splinters at you.
The spray of metal splinters hits you!!!
The basilisk is engulfed in noxious fumes.
The basilisk appears confused.
The boulder beetle is engulfed in noxious fumes.
The boulder beetle appears confused.
The boulder beetle bites the basilisk.
The war gargoyle hits you with a +1 heavy morningstar!!
The basilisk barely misses the basilisk.
The basilisk is engulfed in noxious fumes.
The basilisk appears confused.
The basilisk bites you but does no damage.
The boulder beetle is engulfed in noxious fumes.
The war gargoyle hits you with a +1 heavy morningstar!!!
* * * LOW HITPOINT WARNING * * *
The basilisk bites the basilisk!
The basilisk is killed!
Makhleb accepts your kill.
The war gargoyle launches metal splinters at you.
The spray of metal splinters hits you!
* * * LOW HITPOINT WARNING * * *
A wraith comes into view.
The boulder beetle is engulfed in noxious fumes.
The boulder beetle appears confused.
The boulder beetle bites itself.
The war gargoyle hits you with a +1 heavy morningstar!!!
You die...

...#. .#... ..... ....
###..#.# #.#. ## #.##....
.... .#.#
#..##...#...###.#.#
#...##.....##.....#
#####....###W###...#..#
.>...........B........##..
..............°l@........
...............9.....###
#####................# #
#................# #
#...#########.#### # #...#
#.# #####...# #.#
#.......# #.# #.......##
#..


You could see a boulder beetle (confused, drained), a war gargoyle (catching
breath), a basilisk (confused) and a wraith.

Vanquished Creatures
  A fire dragon (Lair:2)
  Erolcha (D:9)
  2 boulder beetles
  3 two-headed ogres (D:10)
  4 death yaks (Lair:1)
  A skyshark (Lair:2)
  An arcanist (D:9)
  A black mamba (Lair:2)
  Joseph (Lair:1)
  5 elephants
  6 cane toads
  3 gargoyles
  Jeremiah (D:9)
  5 komodo dragons
  2 rime drakes (Lair:2)
  Psyche (D:8)
  2 trolls
  Grinder (D:5)
  14 blink frogs
  2 shadows
  5 wyverns
  20 yaks
  7 vampire mosquitoes
  5 basilisks
  2 acid dragons (D:10)
  Edmund (D:5)
  3 water moccasins
  5 orc warriors
  A sky beast (D:6)
  2 black bears
  8 wolves (Lair:1)
  4 ogres
  5 centaurs
  A phantom (D:4)
  2 kobold brigands (D:9)
  Blork the orc (D:5)
  15 bullfrogs
  3 scorpions
  A gnoll sergeant (D:10)
  A wight (D:8)
  8 killer bees
  6 electric eels
  3 howler monkeys (D:9)
  4 hounds
  A bombardier beetle (D:7)
  A jelly (D:7)
  5 orc priests
  3 iguanas
  7 orc wizards
  A sleepcap (D:6)
  3 gnolls (D:4)
  10 adders
  2 shadow imps
  A white imp (D:6)
  5 ribbon worms
  32 orcs
  9 ball pythons
  6 endoplasms
  2 giant cockroaches
  6 goblins
  10 hobgoblins
  5 quokkas
  5 bats
  5 frilled lizards
  16 kobolds
  5 rats
310 creatures vanquished.

Vanquished Creatures (collateral kills)
  A death yak (Lair:1)
1 creature vanquished.

Vanquished Creatures (others)
  An orc (D:10)
1 creature vanquished.

Grand Total: 312 creatures vanquished

Notes
Turn   | Place    | Note
-------+----------+-------------------------------------------
     0 | D:1      | Shayle the Coglin Alchemist began the quest for the Orb.
     0 | D:1      | Reached XP level 1. HP: 13/13 MP: 3/3
     3 | D:1      | Noticed an electric eel
     4 | D:1      | Noticed an electric eel
   117 | D:1      | Reached skill level 1 in Conjurations
   181 | D:1      | Reached XP level 2. HP: 20/20 MP: 1/4
   708 | D:1      | Reached skill level 1 in Fighting
   721 | D:1      | Reached XP level 3. HP: 26/26 MP: 0/5
  1181 | D:2      | Learned a level 3 spell: Mephitic Cloud
  1655 | D:3      | Found a transporter.
  1692 | D:3      | Identified the +4 scale mail of a sewer {rPois rC- rCorr
                  | SInv}
  1876 | D:3      | Noticed ratmeat3's ghost (amateur OpFi)
  1877 | D:3      | Found a transporter.
  1878 | D:3      | Noticed an ogre
  1879 | D:3      | Noticed an ogre
  1879 | D:3      | Noticed an ogre
  1953 | D:3      | Found a broken altar of Ashenzari.
  1961 | D:3      | Reached XP level 4. HP: 31/32 MP: 2/6
  2381 | D:3      | Reached skill level 1 in Long Blades
  2671 | D:4      | Noticed an ogre
  2678 | D:4      | Reached XP level 5. HP: 38/38 MP: 0/7
  2977 | D:4      | Found a snail-covered altar of Cheibriados.
  2977 | D:4      | Found a sparkling altar of Nemelex Xobeh.
  2978 | D:4      | Found a shimmering altar of Xom.
  3055 | D:4      | Killed an ogre
  3056 | D:4      | Reached skill level 2 in Long Blades
  3056 | D:4      | Reached XP level 6. HP: 46/46 MP: 1/8
  3411 | D:4      | Reached XP level 7. HP: 24/52 MP: 9/9
  3811 | D:5      | Entered Level 5 of the Dungeon
  4075 | D:5      | Noticed Blork the orc
  4085 | D:5      | Killed Blork the orc
  4086 | D:5      | Reached skill level 3 in Long Blades
  4200 | D:5      | Noticed Edmund
  4214 | D:5      | Killed Edmund
  4495 | D:5      | Noticed Grinder
  4516 | D:5      | Killed Grinder
  4517 | D:5      | Reached skill level 4 in Long Blades
  4517 | D:5      | Reached XP level 8. HP: 32/61 MP: 7/10
  4520 | D:5      | Found a staircase to the Ecumenical Temple.
  4529 | Temple   | Entered the Ecumenical Temple
  4533 | Temple   | Became a worshipper of Makhleb the Destroyer
  5160 | D:6      | Reached skill level 1 in Invocations
  5243 | D:6      | Reached skill level 5 in Dodging
  5298 | D:6      | Reached skill level 5 in Fighting
  5498 | D:6      | Reached skill level 5 in Long Blades
  5540 | D:6      | Reached XP level 9. HP: 49/68 MP: 6/11
  6041 | D:7      | You fall into a shaft and drop 2 floors!
  6240 | D:9      | Reached * piety under Makhleb
  6781 | D:7      | Identified the +0 cloak of Ufuqeleg {Rampage Int+2 Slay+3}
  7128 | D:7      | Reached skill level 6 in Long Blades
  7551 | D:8      | Found a staircase to the Lair.
  7562 | D:8      | Noticed an elephant
  7603 | D:8      | Found a shimmering blue altar of Sif Muna.
  7719 | D:8      | Killed an elephant
  7720 | D:8      | Reached XP level 10. HP: 79/79 MP: 10/13
  7948 | D:8      | Noticed Psyche
  7953 | D:8      | Killed Psyche
  7954 | D:8      | Reached skill level 7 in Long Blades
  7994 | D:8      | Reached ** piety under Makhleb
  8343 | D:8      | Found a stormy altar of Qazlal.
  8407 | Lair:1   | Entered Level 1 of the Lair of Beasts
  8407 | Lair:1   | Noticed a cane toad
  8417 | D:8      | Killed a cane toad
  8476 | Lair:1   | Reached skill level 5 in Invocations
  8476 | Lair:1   | Noticed a cane toad
  8587 | D:8      | Learned a level 4 spell: Sticky Flame
  8596 | Lair:1   | Killed a cane toad
  8614 | Lair:1   | Noticed a cane toad
  8648 | Lair:1   | Noticed Joseph
  8656 | D:8      | Killed a cane toad
  8657 | D:8      | Reached skill level 1 in Fire Magic
  8740 | Lair:1   | Killed Joseph
  8894 | D:8      | Reached skill level 8 in Long Blades
  9034 | Lair:1   | Reached XP level 11. HP: 72/86 MP: 8/15
  9209 | Lair:1   | Noticed a boulder beetle
  9497 | Lair:1   | Killed a boulder beetle
  9498 | Lair:1   | Reached skill level 9 in Long Blades
  9840 | Lair:1   | Reached *** piety under Makhleb
  9848 | Lair:1   | Noticed a death yak
  9848 | Lair:1   | Noticed a death yak
  9849 | Lair:1   | Noticed a death yak
  9866 | Lair:1   | Noticed a death yak
  9868 | Lair:1   | Noticed a death yak
  9872 | Lair:1   | Killed a death yak
  9888 | Lair:1   | Killed a death yak
 10132 | Lair:1   | HP: 3/89 [death yak (15)]
 10139 | Lair:1   | Killed a death yak
 10140 | Lair:1   | Reached XP level 12. HP: 14/96 MP: 14/17
 10155 | Lair:1   | Killed a death yak
 10156 | Lair:1   | Reached skill level 5 in Fire Magic
 10156 | Lair:1   | Killed a death yak
 10769 | Lair:2   | Reached skill level 10 in Fighting
 11027 | Lair:2   | Reached skill level 10 in Long Blades
 11494 | Lair:2   | Noticed a fire dragon
 12303 | Lair:2   | Noticed a skyshark
 12319 | Lair:2   | Killed a skyshark
 12542 | Lair:2   | Killed a fire dragon
 12780 | Lair:2   | Identified the +1 halberd of Deformation {speed, rC+ Str+4
                  | Stlth-}
 12835 | Lair:3   | Noticed an eight-headed hydra
 13078 | D:9      | Noticed Jeremiah
 13080 | D:9      | Paralysed by Jeremiah for 5 turns
 13089 | D:9      | Killed Jeremiah
 13187 | D:9      | Noticed Erolcha
 13194 | D:9      | Killed Erolcha
 13195 | D:9      | Reached skill level 1 in Translocations
 13199 | D:9      | Identified a scroll of acquirement
 13200 | D:9      | Acquired a manual of Dodging
 13293 | D:9      | Got the Papyrus of the Transforming Gathering
 13316 | D:9      | Got the Catalogue of the Conflagrant Necropsy
 13330 | D:9      | Got the Notes on the Sixfirhy and Ceration
 13405 | D:9      | Reached XP level 13. HP: 102/104 MP: 19/19
 13408 | D:9      | Reached **** piety under Makhleb
 13602 | D:10     | Entered Level 10 of the Dungeon
 13763 | D:10     | Reached skill level 11 in Long Blades
 15758 | D:11     | Noticed a war gargoyle
 15766 | D:11     | HP: 3/104 [war gargoyle/spray of metal splinters (5)]
 15767 | D:11     | Demolished by a war gargoyle

Illustrated notes

Levels and vault maps discovered:
D:1:      arrival_aquarium_b, layout_loops_ring
D:2:      layout_rooms
D:3:      layout_basic, mainiacjoe_overflow_small_starburst,
          gammafunk_ghost_smash
D:4:      layout_loops_ring, gammafunk_temple_overflow_claw
D:5:      layout_loops_corners, minmay_temple_entry_waves, uniq_blork_the_orc,
          uniq_edmund, uniq_grinder
D:6:      layout_basic
D:7:      layout_gridville, corexii_item_surrounded_by_moat,
          chequers_serial_rivers_micro_c
D:8:      layout_cave_pools, lemuel_coloured_pillars_altar,
          mainiacjoe_overflow_brackets, david_lair_generic, serial_bayou,
          serial_bayou_shore_a, serial_bayou_pond_b, serial_bayou_lagoon_a,
          serial_bayou_crossing, corexii_checkpoint, supply_closet_lemuel,
          uniq_psyche
D:9:      layout_roguey, minmay_librarian, uniq_jeremiah, uniq_erolcha
D:10:     layout_rooms, minmay_between
D:11:     minmay_roctagon, layout_loops_cross
Temple:   kb_temple_of_zot
Lair:1:   layout_misc_corridors, chequers_serial_rivers_large_a, uniq_joseph
Lair:2:   dragon1_lemuel, layout_regular_city
Lair:3:   layout_chaotic_city, minmay_swamp_entry_eels,
          guppyfry_snake_entry_island, kennysheep_basilisk_garden,
          infiniplex_staircase_pool_2, lemuel_fruit_fields

Skill      XL: |  1  2  3  4  5  6  7  8  9 10 11 12 13 |
---------------+----------------------------------------+-----
Conjurations   | 1 2 3 |  3.4
Dodging        | 2 3 4 5 6 7 9 |  9.1
Fighting       | 1 2 3 4 5 7 8 9 10 | 10.6
Long Blades    | 1 2 4 5 6 8 9 10 11 | 11.4
Invocations    | 2 4 5 6 8 |  8.0
Fire Magic     | 2 4 6 |  6.5
Spellcasting   | 2 4 |  4.0
Translocations | 2 4 |  4.2
Stealth        | |  1.5
Alchemy        | |  3.8

Action                     |  1- 3 |  4- 6 |  7- 9 | 10-12 | 13-15 || total
---------------------------+-------+-------+-------+-------+-------++-------
  Melee: Short sword       |    16 |       |       |       |       ||    16
         Whip              |     7 |       |       |       |       ||     7
         War axe           |     9 |    87 |    82 |       |       ||   178
         Falchion          |     9 |    76 |   147 |       |       ||   232
         Dagger            |       |       |   163 |   324 |   170 ||   657
         Long sword        |       |       |    98 |   327 |   169 ||   594
  Throw: Dart              |       |       |       |     6 |       ||     6
   Cast: Sting             |    61 |    21 |    10 |       |       ||    92
         Mephitic Cloud    |       |     4 |    14 |    29 |     7 ||    54
         Sticky Flame      |       |       |       |     1 |     1 ||     2
 Invoke: Lesser Servant of |       |       |       |     1 |       ||     1
  Evoke: Wand              |       |       |     3 |    15 |       ||    18
    Use: Scroll            |       |     2 |     4 |    15 |     1 ||    22
         Potion            |       |       |     2 |     2 |     1 ||     5
   Stab: Confused          |       |     5 |    10 |    43 |    11 ||    69
         Sleeping          |       |     2 |     3 |     8 |     1 ||    14
         Paralysed         |       |       |       |     2 |       ||     2
         Distracted        |       |       |       |     2 |       ||     2
 Armour: Robe              |    18 |    57 |   173 |   132 |       ||   380
         Fire dragon scale |       |       |       |    74 |       ||    74
         Leather armour    |       |       |       |    15 |   114 ||   129
  Dodge: Dodged            |    29 |    62 |   233 |   226 |   107 ||   657

Table legend: (Time is in decaauts)
 A = Elapsed time spent in this place.
 B = Non-inter-level travel time spent in this place.
 C = Inter-level travel time spent in this place.
 D = Time resting spent in this place.
 E = Time spent auto-exploring this place.
 F = Levels seen in this place.
 G = Mean time per level.
                   A        B        C        D        E       F      G
               +--------+--------+--------+--------+--------+-----+--------+
         Total |  15790 |  15334 |    456 |   3611 |   8539 |  15 | 1052.7 |
       Dungeon |  12064 |  11736 |    328 |   2273 |   7218 |  11 | 1096.7 |
        Temple |      8 |      4 |      4 |      0 |      0 |   1 |    8.0 |
          Lair |   3718 |   3595 |    123 |   1338 |   1320 |   3 | 1239.3 |
               +--------+--------+--------+--------+--------+-----+--------+

Top non-repeatable levels by time:
  Lair:1: 1950 daAuts
     D:8: 1860 daAuts
  Lair:2: 1757 daAuts
     D:9: 1269 daAuts
    D:10: 1221 daAuts
     D:5: 1201 daAuts
     D:4: 1197 daAuts
     D:3: 1045 daAuts
     D:1: 1006 daAuts
     D:7: 964 daAuts
    D:11: 905 daAuts
     D:6: 791 daAuts
     D:2: 600 daAuts
  Lair:3: 10 daAuts
  Temple: 8 daAuts
